 Dungeon Crawl Stone Soup version 0.27-a0-1548-gf8a67e7463 (webtiles) character file.

Game seed: 17752907838297347651

210 Morbidden the Skirmisher (level 5, -2/46 HPs)
             Began as a Demigod Fighter on July 14, 2021.
             Slain by an iron imp (3 damage)
             ... summoned by Eustachio
             ... on level 3 of the Dungeon.
             The game lasted 00:03:50 (2856 turns).

Morbidden the Skirmisher (Demigod Fighter)          Turns: 2856, Time: 00:03:51

Health: -2/46      AC: 10    Str: 21      XL:     5   Next: 30%
Magic:  7/7        EV:  5    Int: 10      God:
Gold:   138        SH:  9    Dex: 12 (13) Spells: 4/4 levels left

rFire    . . .     SeeInvis .   a - +0 long sword
rCold    . . .     Faith    .   c - +0 kite shield
rNeg     . . .     Spirit   .   j - +0 chain mail
rPois    +         Reflect  .   (no helmet)
rElec    .         Harm     .   (no cloak)
rCorr    .         Rampage  .   (no gloves)
Will     .....                  r - +0 pair of boots
Stlth    ..........             e - amulet of magic regeneration
HPRegen  0.15/turn              g - ring of wizardry
MPRegen  0.35/turn              h - ring of poison resistance

@: no status effects
A: high mp 1, forlorn
a: no special abilities


You were on level 3 of the Dungeon.
You visited 1 branch of the dungeon, and saw 4 of its levels.

You collected 138 gold pieces.

Inventory:

Hand Weapons
 a - a +0 long sword (weapon)
Armour
 c - a +0 kite shield (worn)
 j - a +0 chain mail (worn)
 r - a +0 pair of boots (worn)
Magical Staves
 f - a staff of conjuration
Jewellery
 e - an amulet of magic regeneration (around neck)
 g - a ring of wizardry (left hand)
 h - a ring of poison resistance (right hand)
 t - a ring of ice
Scrolls
 b - a scroll of teleportation {unknown}
 k - a scroll of immolation {unknown}
 l - a scroll of torment {unknown}
 m - a scroll of enchant armour {unknown}
 n - a scroll of identify {unknown}
 o - a scroll of acquirement {unknown}
 q - a scroll of silence {unknown}
 s - a scroll of vulnerability {unknown}
Potions
 p - a potion of curing


   Skills:
 * Level 4.0 Fighting
 * Level 3.6 Long Blades
 + Level 3.0 Armour
 + Level 0.6 Dodging
 + Level 0.1 Stealth
 + Level 3.1 Shields


You had 4 spell levels left.
You didn't know any spells.
Your spell library was empty.

Dungeon Overview and Level Annotations

Branches:
Dungeon (4/15)
 Temple: D:4-7

Shops:
D:1 ?*:

Annotations:
D:3 Eustachio


Innate Abilities, Weirdness & Mutations

Your attributes grow dramatically as you level up.
You have an increased reservoir of magic. (+10% MP)
You shall have no god before yourself.


Message History

The quokka bites you but does no damage.
The shadow imp hits you.
* * * LOW HITPOINT WARNING * * *
The quokka bites you but does no damage.
You block the quokka's attack.
Unknown command.
Unknown command.
Unknown command.
You hit the quokka.
You kill the quokka!
The quokka's corpse disappears in a puff of smoke!
The bat hits you but does no damage. You block the quokka's attack.
You block the shadow imp's attack. The bat hits you but does no damage.
The quokka bites you but does no damage.
The shadow imp hits you but does no damage.
Unknown command.
You closely miss the bat. The bat hits you but does no damage.
The bat hits you.
* * * LOW HITPOINT WARNING * * *
You block the quokka's attack. The shadow imp barely misses you.
The quokka completely misses you.
You riposte.
You hit the quokka.
You kill the quokka!
The quokka's corpse disappears in a puff of smoke!
Unknown command.
Unknown command.
Unknown command.
You closely miss the bat. You block the bat's attack.
The shadow imp hits you but does no damage.
The bat hits you but does no damage.
Eustachio screams, "Hey, you killed my favourite bat!"
The shadow imp hits you.
* * * LOW HITPOINT WARNING * * *
Unknown command.
Unknown command.
You hit the iron imp.
The iron imp is lightly wounded.
The bat hits you but does no damage. x2
Eustachio screams, "This atrocity can only be purified with blood!"
The iron imp hits you.
You die...

#....# #.# ###.......# ####.#
#.# #....####.# #.#####.# #.##.#
#.# #####.......# #.##.# #.#
.........#### #.##.# #.#
########## #.##.# #.# #5##.# #.#
#5##.####.#######
#@##............#
################5b.......#####.#
.g..............@b.......# #.#
#########.########>####.## #.#
#######.###.####.####.# #.#
#............#.....##.# #.#
#.#####.###.##.#.#.##.# #.# #
#.# #.# #.........#.# #.# ###.#
#.######.#(#..#.# #.#


You could see Eustachio, an iron imp (summoned), a shadow imp (summoned), an
ufetubus (summoned) and 2 bats.

Vanquished Creatures
  A hound (D:3)
  An iguana (D:3)
  5 gnolls
  4 adders (D:2)
  A worm (D:2)
  2 dart slugs
  An orc (D:3)
  5 endoplasms
  2 giant cockroaches
  4 goblins
  6 hobgoblins
  2 jackals (D:2)
  6 kobolds
  7 quokkas
  5 ball pythons
  4 bats
  2 frilled lizards
  4 rats
62 creatures vanquished.

Notes
Turn   | Place    | Note
-------+----------+-------------------------------------------
     0 | D:1      | Morbidden the Demigod Fighter began the quest for the Orb.
     0 | D:1      | Reached XP level 1. HP: 18/18 MP: 3/3
    95 | D:1      | Found Wodyushaa's Magic Scroll Emporium.
   153 | D:1      | Reached XP level 2. HP: 25/25 MP: 4/4
   204 | D:1      | Reached skill level 3 in Fighting
   455 | D:1      | Reached XP level 3. HP: 31/31 MP: 5/5
   765 | D:1      | Found Jata's Book Shop.
   881 | D:1      | Found Buezif's Assorted Antiques.
  1538 | D:2      | Reached XP level 4. HP: 38/38 MP: 6/6
  2591 | D:3      | Reached XP level 5. HP: 41/46 MP: 7/7
  2772 | D:4      | Noticed Eustachio
  2814 | D:3      | Reached skill level 4 in Fighting
  2855 | D:3      | HP: 1/46 [shadow imp[Eustachio] (4)]
  2856 | D:3      | Slain by an iron imp

Illustrated notes

Levels and vault maps discovered:
D:1:      minmay_arrival_shattered_statue, layout_loops_corners,
          shapermc_ecumenical_altar_starsandcircs, serial_shops,
          nicolae_shop_window_shopping, nicolae_shop_stone,
          nicolae_lakefront_shop, minmay_distorted
D:2:      layout_rooms
D:3:      layout_loops_ring, grunt_ministairs_7
D:4:      layout_basic, pdpol_wu_jian_five_deadly_venoms, kennysheep_mini_moat,
          mrwooster_statue_mirror, uniq_eustachio

Skill      XL: |  1  2  3  4  5 |
---------------+----------------+-----
Long Blades    | 2 3 |  3.6
Fighting       | 3 4 |  4.0
Armour         | 3 |  3.0
Shields        | 3 |  3.1
Dodging        | |  0.6
Stealth        | |  0.1

Action                   |  1- 3 |  4- 6 || total
-------------------------+-------+-------++-------
Melee: Long sword        |   108 |   111 ||   219
  Use: Potion            |     2 |     3 ||     5
Armor: Scale mail        |    13 |       ||    13
       Chain mail        |    40 |    93 ||   133
Dodge: Dodged            |    29 |    39 ||    68
Block: Kite shield       |    68 |    82 ||   150
       Rpst.: Long sword |     8 |     9 ||    17

Table legend: (Time is in decaauts)
 A = Elapsed time spent in this place.
 B = Non-inter-level travel time spent in this place.
 C = Inter-level travel time spent in this place.
 D = Time resting spent in this place.
 E = Time spent auto-exploring this place.
 F = Levels seen in this place.
 G = Mean time per level.
                   A        B        C        D        E       F      G
               +--------+--------+--------+--------+--------+-----+--------+
         Total |   2967 |   2881 |     86 |    371 |   1841 |   4 |  741.8 |
       Dungeon |   2967 |   2881 |     86 |    371 |   1841 |   4 |  741.8 |
               +--------+--------+--------+--------+--------+-----+--------+

Top non-repeatable levels by time:
     D:2: 1060 daAuts
     D:1: 951 daAuts
     D:3: 936 daAuts
     D:4: 19 daAuts
